 Dungeon Crawl Stone Soup version 0.31.0-32-g396128a36d (webtiles) character file.

Game seed: 6922090264485403240

2251 Wertik the Jinx (level 9, -2/40 HPs)
             Began as a Felid Enchanter on Apr 5, 2024.
             Slain by a troll (6 damage)
             ... on level 7 of the Dungeon.
             The game lasted 01:14:15 (9616 turns).

Wertik the Jinx (Felid Enchanter)                   Turns: 9616, Time: 01:14:17

Health: -2/40      AC:  2    Str: 10    XL:     9   Next: 15%
Magic:  27/29      EV: 20    Int: 20    God:
Gold:   258        SH:  5    Dex: 20    Spells: 13/21 levels left
                                        Lives:  0   Deaths: 3

rFire   . .          .
                       - Unarmed
rCold   . . .        (shield unavailable)
rNeg    . . .        (body armour unavailable)
rPois   .            (helmet unavailable)
rElec   .            (cloak unavailable)
rCorr   .            (gloves unavailable)
SInv    +            (boots unavailable)
Will    +....        q - amulet of reflection
Stlth   +++++        b - ring of magical power
HPRegen 0.26/turn    w - +6 ring of strength
MPRegen 0.21/turn

%: reflection
@: confusing by touch
A: very small, claws 1, fangs 3, see invisible, shaggy fur 2, stealthy paws, no
weapons or thrown items, no armour, multi-lived
a: no special abilities


You were on level 7 of the Dungeon.
You visited 2 branches of the dungeon, and saw 11 of its levels.

You collected 324 gold pieces.
You spent 66 gold pieces at shops.

Inventory:

Jewellery
 b - a ring of magical power (left paw)
 q - an amulet of reflection (around neck)
 w - a +6 ring of strength (right paw)
Wands
 i - a wand of iceblast (3)
 s - a wand of paralysis (7)
 u - a wand of flame (10)
Scrolls
 e - a scroll of fog {unknown}
 f - 2 scrolls of poison
 j - 4 scrolls of noise
 k - a scroll of vulnerability {unknown}
 m - 2 scrolls of teleportation {unknown}
 n - 4 scrolls of enchant armour {unknown}
 o - 5 scrolls of identify
 r - a scroll of fear {unknown}
 t - a scroll of enchant weapon {unknown}
 v - a scroll of torment {unknown}
Potions
 a - 3 potions of invisibility
 c - 3 potions of heal wounds
 d - 4 potions of cancellation
 g - 2 potions of degeneration
 h - 3 potions of curing
 l - a potion of mutation
 p - 3 potions of attraction {unknown}


   Skills:
 - Level 0.5 Fighting
 + Level 5.4 Dodging
 + Level 9.9 Stealth
 - Level 1.1 Unarmed Combat
 + Level 6.7 Spellcasting
 + Level 10.4 Hexes


You had 13 spell levels left.
You knew the following spells:

 Your Spells              Type           Power      Damage    Failure   Level
a - Ensorcelled Hibernat  Hex/Ice        54%        N/A       1%          2
b - Tukima's Dance        Hex            48%        N/A       1%          3
c - Confusing Touch       Hex            48%        N/A       1%          3

Your spell library contained the following spells:

 Spells                   Type           Power      Damage    Failure   Level
 Dazzling Flash           Conj/Hex       54%        N/A       3%          3
 Apportation              Tloc           12%        N/A       10%         1
 Necrotise                Necr           24%        1d5       10%         1
 Sting                    Conj/Alch      24%        1d4       10%         1
 Summon Small Mammal      Summ           24%        N/A       10%         1
 Cigotuvi's Dreadful Rot  Necr/Alch/Air  12%        N/A       14%         2
 Vampiric Draining        Necr           6%         2d6       28%         3
 Ignite Poison            Fire/Alch      6%         N/A       67%         4
 Martyr's Knell           Necr/Summ      6%         N/A       67%         4
 Curse of Agony           Necr           6%         N/A       95%         5
 Freezing Cloud           Conj/Ice/Air   3%         6-21      95%         5


Dungeon Overview and Level Annotations

Branches:
Dungeon (10/15)            Temple (1/1) D:6
   Lair: D:8-11         Orc: D:9-12

Altars:
Cheibriados
Dithmenos
Elyvilon
Fedhas
Kikubaaqudgha
Sif Muna
Uskayaw
Vehumet
Wu Jian
Xom
Zin
The Shining One
Jiyva

Shops:
D:3 ?:   D:8 [

Annotations:
D:2 Crazy Yiuf, Terence
D:4 Edmund, Natasha
D:8 Erica, Maggie


Innate Abilities, Weirdness & Mutations

You have sharp claws.
You have razor-sharp teeth.
You have supernaturally acute eyesight. (SInv)
You are covered in thick fur. (AC +2)
Your paws help you pounce on unaware monsters.
You are incapable of wielding weapons or throwing items.
You cannot wear armour.
You gain extra lives every three experience levels.


Message History

Confirm with . or Enter, or press ? or * to list all spells.
Aiming: Ensorcelled Hibernation (safe; 1% risk of failure)
Press: ? - help, Shift-Dir - straight line, f - troll
Aim: a troll (chance to confuse on hit: 71%, chance to affect: 58%)
The troll looks drowsy...
Your paws stop glowing.
Things that are here:
a +0 robe; a +0 mace You start resting.
Magic restored.
You start resting.
HP restored.
Things that are here:
a +0 robe; a +0 mace The helpless troll fails to defend itself.
You mangle the troll!!
The troll is severely wounded.
The troll bites you. The troll misses you. The troll claws you!
Casting: Ensorcelled Hibernation (safe; 1% risk of failure)
Confirm with . or Enter, or press ? or * to list all spells.
Your paws begin to glow red.
You block the troll's attack. The troll barely misses you.
The troll claws you but does no damage.
You closely miss the troll.
The troll is severely wounded.
The troll bites you. The troll claws you!
* * * LOW HITPOINT WARNING * * *
The troll barely misses you. The troll attacks as it pursues you!
The troll misses you. You block the troll's attack. The troll misses you.
Sorry, you're not good enough to have a special ability.
Aiming: Iceblast
Press: ? - help, Shift-Dir - straight line, f/p - troll
Aim: a troll (severely wounded, chance to confuse on hit: 71%)
Okay, then.
Aiming: Throw Flame
Press: ? - help, Shift-Dir - straight line, f/p - troll
Aim: a troll (severely wounded, chance to confuse on hit: 71%, 68% to hit)
The puff of flame hits the troll.
The troll is severely wounded.
You block the troll's attack. The troll misses you. The troll claws you.
You die...

#...#..#..###...# #..##........
..#...#...# #...# #.###...[....
.##.......# #...# #..........>#
.#........###...# ###........#...
..........#.....###.........##..#
..#.......<.#...#...#.......###..
.##.........#...#.###.......# #..
. ##.....#.....T#.###.......# #..
####..#....##.#.@...........# #..
#.....#.##.##..##.#.#.......####.
#..####.##..........#........)...
...##...............#.......##...
..###......#........>#########...
..# #.....#................# #...
.## #.....#.........(.####.###...
.# #.....#<..........# #....(..
.# #.....##.........## ####....


You could see a troll.

Vanquished Creatures
  A yak (D:7)
  Eustachio (D:6)
  A wyvern (D:7)
  Menkaure (D:7)
  2 water moccasins
  A sky beast (D:7)
  An ogre (D:7)
  A phantom (D:6)
  A kobold brigand (D:6)
  2 bullfrogs
  A scorpion (D:7)
  A wight (D:7)
  A howler monkey (D:6)
  2 hounds
  2 jellies
  2 bombardier beetles (D:6)
  An orc priest (D:8)
  9 iguanas
  Natasha (D:4)
  Robin (D:2)
  8 adders
  4 gnolls
  A dart slug (D:3)
  2 ribbon worms
  3 orcs
  4 endoplasms
  12 goblins
  12 hobgoblins
  11 jackals
  2 quokkas
  10 ball pythons
  2 bats
  2 frilled lizards (D:3)
  7 kobolds
  5 rats
118 creatures vanquished.

Vanquished Creatures (collateral kills)
  An ogre (D:7)
  A centaur (D:8)
  An orc wizard (D:7)
  2 gnolls (D:6)
  7 orcs
  4 kobolds (D:6)
16 creatures vanquished.

Vanquished Creatures (others)
  4 dancing weapons (D:6)
4 creatures vanquished.

Grand Total: 138 creatures vanquished

Notes
Turn   | Place    | Note
-------+----------+-------------------------------------------
     0 | D:1      | Wertik the Felid Enchanter began the quest for the Orb.
     0 | D:1      | Reached XP level 1. HP: 9/9 MP: 4/4
   221 | D:1      | Constricted to death by a ball python
   221 | D:1      | Lost a life (0 lives remaining)
   291 | D:2      | Noticed Terence
   321 | D:1      | Reached XP level 2. HP: 9/13 MP: 6/6
   339 | D:1      | Learned a level 2 spell: Ensorcelled Hibernation
  1093 | D:2      | Identified the flux talisman of Elitism {rPois Str-4 Int+6}
  1150 | D:3      | Noticed a water moccasin
  1420 | D:2      | Reached XP level 3. HP: 17/17 MP: 4/7
  1509 | D:2      | Noticed Robin
  1534 | D:2      | Found a faded altar of an unknown god.
  1773 | D:2      | Found a runed translucent door.
  1774 | D:2      | Noticed Crazy Yiuf
  2037 | D:2      | Reached skill level 5 in Hexes
  2320 | D:2      | Killed Robin
  2321 | D:2      | Reached XP level 4. HP: 21/21 MP: 1/8
  2321 | D:2      | Gained a life (1 life remaining)
  2838 | D:2      | Learned a level 3 spell: Tukima's Dance
  2978 | D:3      | Found Gecuf's Magic Scroll Shoppe.
  3001 | D:3      | Bought a scroll of poison for 44 gold pieces
  3001 | D:3      | Bought a scroll of identify for 22 gold pieces
  3031 | D:3      | Reached skill level 5 in Stealth
  3413 | D:4      | Noticed Edmund
  3460 | D:4      | Found a glowing silver altar of Zin.
  3461 | D:4      | Noticed an angel
  3464 | D:4      | Found a shimmering altar of Xom.
  3474 | D:5      | Entered Level 5 of the Dungeon
  3474 | D:5      | Noticed a water moccasin
  3605 | D:4      | Reached XP level 5. HP: 18/25 MP: 6/10
  3623 | D:4      | Slain by a gnoll
  3623 | D:4      | Lost a life (0 lives remaining)
  3653 | D:4      | Noticed a +0 dagger
  3653 | D:4      | Noticed a +0 falchion
  3653 | D:4      | Noticed a +0 short sword
  3727 | D:3      | Killed a water moccasin
  3728 | D:3      | Reached skill level 6 in Hexes
  3878 | D:3      | Found Sohot's Book Emporium.
  3989 | D:3      | Noticed an ogre
  4662 | D:4      | Gained mutation: You are covered in thick fur. (AC +2)
                  | [Felid growth]
  4662 | D:4      | Reached XP level 6. HP: 28/29 MP: 6/11
  4761 | D:4      | Learned a level 3 spell: Confusing Touch
  4794 | D:4      | Noticed a +0 spear
  4795 | D:4      | Noticed a +0 spear
  4796 | D:4      | Noticed a +0 short sword
  4796 | D:4      | Noticed a +0 dagger
  4799 | D:4      | Noticed a +0 falchion
  4827 | D:4      | Found a hide-covered altar of Uskayaw.
  5082 | D:4      | Noticed Natasha
  5092 | D:4      | Killed Natasha
  5337 | D:4      | Noticed Natasha
  5898 | D:5      | Killed a water moccasin
  5994 | D:5      | Reached XP level 7. HP: 28/32 MP: 14/14
  5994 | D:5      | Gained a life (1 life remaining)
  6036 | D:5      | Reached skill level 7 in Hexes
  6480 | D:6      | Slain by a gnoll
  6480 | D:6      | Lost a life (0 lives remaining)
  6764 | D:6      | Noticed Eustachio
  6779 | D:6      | Killed Eustachio
  6961 | D:6      | Reached skill level 5 in Spellcasting
  6961 | D:6      | Reached skill level 8 in Hexes
  6961 | D:6      | Reached XP level 8. HP: 16/37 MP: 10/16
  7582 | D:6      | Found a staircase to the Ecumenical Temple.
  7588 | Temple   | Entered the Ecumenical Temple
  8355 | D:7      | Reached skill level 5 in Dodging
  8355 | D:7      | Reached skill level 9 in Hexes
  8358 | D:7      | Noticed Menkaure
  8367 | D:7      | Killed Menkaure
  8478 | D:7      | Noticed a troll
  8563 | D:8      | Found Yhir's Antique Armour Boutique.
  8571 | D:8      | Noticed Maggie
  9086 | D:7      | Reached skill level 10 in Hexes
  9086 | D:7      | Reached XP level 9. HP: 40/40 MP: 19/19
  9437 | D:10     | Entered Level 10 of the Dungeon
  9479 | D:8      | Noticed Erica
  9616 | D:7      | Slain by a troll

Illustrated notes

Levels and vault maps discovered:
D:1:      giann_wishing_wells, layout_loops_corners, st_stairs_7
D:2:      minmay_general_purpose_star, layout_loops_ring,
          basic_ecumenical_altar, minivault_27, uniq_robin,
          uniq_crazy_yiuf_cottage, uniq_terence
D:3:      layout_loops_ring, serial_shops, nicolae_shop_back_alley_shop,
          shop_scrolls
D:4:      layout_basic, nicolae_uskayaw_en_pointe,
          grunt_temple_overflow_order_and_chaos_1, lemuel_flame_loot_1,
          uniq_natasha, uniq_edmund
D:5:      layout_basic, serial_bayou, serial_bayou_crossing,
          serial_bayou_pond_c, serial_bayou_pond_b, serial_bayou_pond_c
D:6:      layout_layer_cave, minmay_temple_entry_fiery, uniq_eustachio
D:7:      layout_rooms, nicolae_sextant, uniq_menkaure
D:8:      layout_cave_pools, serial_shops, nicolae_shop_rolling_square,
          uniq_joseph, uniq_maggie, uniq_erica
D:9:      layout_loops_ring, serial_shops, shop, minmay_misc_feat_ornament
D:10:     layout_basic, nicolae_ashenzari_panopticon, nicolae_overflows_in_rows
Temple:   pf_slimified_temple

Skill      XL: |  1  2  3  4  5  6  7  8 |
---------------+-------------------------+-----
Dodging        | 3 4 5 |  5.4
Hexes          | 5 6 8 10 | 10.4
Stealth        | 5 6 7 8 9 |  9.9
Spellcasting   | 3 4 5 6 |  6.7
Fighting       | |  0.5
Unarmed Combat | |  1.1

Action                     |  1- 3 |  4- 6 |  7- 9 || total
---------------------------+-------+-------+-------++-------
  Melee: Unarmed           |   133 |   107 |   149 ||   389
         Bite              |    15 |     9 |    17 ||    41
         Punch             |     1 |     4 |     1 ||     6
   Cast: Ensorcelled Hiber |    25 |    58 |    43 ||   126
         Tukima's Dance    |       |     9 |    20 ||    29
         Confusing Touch   |       |     3 |    12 ||    15
  Evoke: Wand              |       |       |     1 ||     1
    Use: Potion            |       |     2 |       ||     2
         Scroll            |       |     5 |       ||     5
   Stab: Sleeping          |    18 |    33 |    22 ||    73
         Distracted        |       |     1 |     1 ||     2
         Confused          |       |     1 |     3 ||     4
 Armour: Skin              |    56 |    51 |    58 ||   165
  Dodge: Dodged            |   201 |   137 |   147 ||   485
  Block: Other             |       |     6 |    29 ||    35
         Reflection        |       |       |     1 ||     1
